 Dungeon Crawl Stone Soup version 0.31.0-32-g396128a36d (webtiles) character file.

Game seed: 7324102748316386015

1272 AdnanSaban the Covered (level 8, -1/49 HPs)
             Began as a Gargoyle Fighter on Apr 14, 2024.
             Slain by Duvessa
             ... wielding a +0 short sword
              (6 damage)
             ... on level 5 of the Dungeon.
             The game lasted 00:05:14 (4653 turns).

AdnanSaban the Covered (Gargoyle Fighter)           Turns: 4653, Time: 00:05:14

Health: -1/49      AC: 14    Str: 21    XL:     8   Next: 53%
Magic:  8/8        EV:  6    Int: 10    God:
Gold:   239        SH: 10    Dex:  9    Spells: 7/7 levels left

rFire   . . .        u - +1 flail (protect)
rCold   . . .        c - +0 buckler
rNeg    + . .        g - +0 plate armour
rPois   ∞            (no helmet)
rElec   +            (no cloak)
rCorr   .            (no gloves)
SInv    .            (no boots)
Will    .....        a - amulet of reflection Stlth
                     (no ring)
HPRegen 0.28/turn    (no ring)
MPRegen 0.11/turn

%: reflection
@: corroded
A: sickness immunity, AC +5, negative energy resistance 1, electricity
resistance, torment resistance 1, petrification resistance
a: no special abilities


You were on level 5 of the Dungeon.
You visited 2 branches of the dungeon, and saw 6 of its levels.

You collected 239 gold pieces.

Inventory:

Hand Weapons
 u - a +1 flail of protection (weapon)
Missiles
 k - 2 poisoned darts (quivered)
 q - 2 boomerangs
Armour
 c - a +0 buckler (worn)
 g - a +0 plate armour (worn)
Jewellery
 a - an amulet of reflection (around neck)
 v - a ring of protection from fire
Wands
 r - a wand of charming (5)
 w - a wand of roots (6)
Scrolls
 e - 5 scrolls of identify {unknown}
 j - a scroll of enchant weapon {unknown}
 l - a scroll of teleportation {unknown}
 n - a scroll of poison {unknown}
 o - a scroll of immolation {unknown}
 s - a scroll of noise {unknown}
 t - a scroll of revelation {unknown}
Potions
 b - a potion of attraction {unknown}
 d - 2 potions of might
 f - 2 potions of degeneration {unknown}
 h - a potion of enlightenment {unknown}
 i - 3 potions of curing {unknown}
 m - a potion of heal wounds {unknown}
 p - a potion of berserk rage {unknown}


   Skills:
 + Level 5.3 Fighting
 + Level 6.5 Maces & Flails
 + Level 0.2 Throwing
 + Level 6.7 Armour
 + Level 0.5 Dodging
 + Level 0.1 Stealth
 + Level 5.4 Shields


You had 7 spell levels left.
You didn't know any spells.
Your spell library was empty.

Dungeon Overview and Level Annotations

Branches:
Dungeon (5/15)             Temple (1/1) D:5

Altars:
Ashenzari
Cheibriados
Dithmenos
Elyvilon
Fedhas
Gozag
Hepliaklqana
Kikubaaqudgha
Makhleb
Nemelex Xobeh
Ru
Sif Muna
Trog
Uskayaw
Yredelemnul
Zin

Annotations:
D:4 1 runed translucent door, Crazy Yiuf
D:5 2 runed translucent doors, Duvessa; Syis's ghost, novice DECj


Innate Abilities, Weirdness & Mutations

You are immune to sickness and miasma.
Your stone body is resilient. (AC +5)
You are immune to poison.
You resist negative energy. (rN+)
You are resistant to electric shocks. (rElec)
You are resistant to unholy torment.
You are immune to petrification.


Message History

Duvessa goes berserk!
You block the ice beast's attack.
You sock the ice beast!
The ice beast is moderately wounded.
The jelly hits you. The acid corrodes you!
You are splashed with acid!
The ice beast hits you. The ice beast freezes you!
You are too injured to fight recklessly!
You are too injured to fight recklessly!
You are too injured to fight recklessly!
You are too injured to fight recklessly!
You are too injured to fight recklessly!
You are too injured to fight recklessly!
You are too injured to fight recklessly!
You are too injured to fight recklessly!
You are too injured to fight recklessly!
You are too injured to fight recklessly!
You are too injured to fight recklessly!
You are too injured to fight recklessly!
You are too injured to fight recklessly!
You are too injured to fight recklessly!
You are too injured to fight recklessly!
You are too injured to fight recklessly!
Unknown command.
The jelly attacks as it pursues you! You block the jelly's attack.
There is an open door here.
The jelly attacks as it pursues you! You block the jelly's attack.
Duvessa rages.
The jelly attacks as it pursues you! The jelly hits you.
You are splashed with acid!
* * * LOW HITPOINT WARNING * * *
Duvessa attacks as she pursues you! Duvessa hits you with a +0 short sword.
* * * LOW HITPOINT WARNING * * *
Duvessa attacks as she pursues you! You block Duvessa's attack.
Duvessa barely misses you. Duvessa attacks as she pursues you!
Duvessa barely misses you. The jelly attacks as it pursues you!
The jelly hits you but does no damage. Duvessa hits you with a +0 short sword.
* * * LOW HITPOINT WARNING * * *
There is an open door here.
Duvessa hits you with a +0 short sword.
You die...

#.....##.##.#....<..<...### #.##
.#.....##..........#.#.).# #...
.###########.........#...########
. ######................ .
#..####.########. . ###########
#..# #.# ##... . #.........#
#..####'#####..##
.####.......[.###..##......#..###
)...'.......Y.Je@...#............
#####.........#####.'.......##...
#.........# ###.......##...
#.........# #..>..(......
#.........# #..........>.
########### #............
#.......##... ###.#+..##...
#.#.#......


You could see Duvessa (berserk), an ice beast and a jelly.

Vanquished Creatures
  Sigmund (D:5)
  Edmund (D:5)
  A black bear (D:5)
  2 centaurs (D:5)
  A phantom (D:4)
  A scorpion (D:5)
  Dowan (D:5)
  A bombardier beetle (D:5)
  A gnoll bouda (D:5)
  3 hounds
  3 iguanas
  A sleepcap (D:5)
  An orc wizard (D:3)
  13 gnolls
  7 adders
  A ribbon worm (D:3)
  4 dart slugs
  7 orcs (D:4)
  5 bats
  10 endoplasms
  5 giant cockroaches
  8 goblins
  4 hobgoblins
  2 jackals (D:2)
  7 quokkas
  8 ball pythons
  5 frilled lizards
  4 kobolds
  5 rats
113 creatures vanquished.

Notes
Turn   | Place    | Note
-------+----------+-------------------------------------------
     0 | D:1      | AdnanSaban the Gargoyle Fighter began the quest for the
                  | Orb.
     0 | D:1      | Reached XP level 1. HP: 14/14 MP: 1/1
   183 | D:1      | Reached XP level 2. HP: 19/19 MP: 2/2
   426 | D:1      | Reached XP level 3. HP: 17/23 MP: 3/3
  1006 | D:2      | Reached XP level 4. HP: 29/29 MP: 4/4
  1440 | D:2      | Found an opulent altar of Gozag.
  1607 | D:3      | Noticed a torpor snail
  1607 | D:3      | Found a snail-covered altar of Cheibriados.
  1608 | D:3      | Noticed a torpor snail
  1609 | D:3      | Noticed a torpor snail
  1711 | D:3      | Identified the +1 leather armour of Onyn {rN+ Regen+}
  2123 | D:3      | Reached XP level 5. HP: 30/33 MP: 5/5
  2263 | D:4      | Noticed a phantom
  2437 | D:4      | Killed a phantom
  2438 | D:4      | Reached XP level 6. HP: 27/38 MP: 6/6
  2974 | D:4      | Found a runed translucent door.
  2975 | D:4      | Noticed Crazy Yiuf
  3226 | D:4      | Reached skill level 5 in Maces & Flails
  3513 | D:5      | Entered Level 5 of the Dungeon
  3513 | D:5      | Noticed Sigmund
  3587 | D:5      | Noticed Edmund
  3608 | D:5      | Killed Edmund
  3609 | D:5      | Reached skill level 5 in Armour
  3609 | D:5      | Reached XP level 7. HP: 31/44 MP: 7/7
  3807 | D:5      | Killed Sigmund
  3808 | D:5      | Reached skill level 5 in Fighting
  3972 | D:5      | Reached XP level 8. HP: 49/49 MP: 8/8
  4069 | D:5      | Reached skill level 5 in Shields
  4163 | D:5      | Found a large runed translucent door.
  4163 | D:5      | Found a large runed translucent door.
  4164 | D:5      | Noticed Syis's ghost (novice DECj)
  4338 | D:5      | Found a staircase to the Ecumenical Temple.
  4385 | Temple   | Entered the Ecumenical Temple
  4632 | D:5      | Noticed Dowan
  4635 | D:5      | Noticed Duvessa
  4637 | D:5      | Killed Dowan
  4653 | D:5      | Slain by Duvessa

Illustrated notes

Levels and vault maps discovered:
D:1:      dpeg_arrival_rooms_a, layout_loops_cross
D:2:      kennysheep_six_static_rooms, layout_basic, basic_altar
D:3:      layout_loops_ring, cheibriados_altar_2, nicolae_titane
D:4:      layout_basic, serial_bayou_lagoon_a, uniq_crazy_yiuf_cottage
D:5:      layout_basic, minmay_temple_entry_stoned_glass,
          ebering_ghost_disaster_area, uniq_sigmund, uniq_edmund, uniq_duvessa
Temple:   nicolae_temple_superstar

Skill      XL: |  1  2  3  4  5  6  7  8 |
---------------+-------------------------+-----
Maces & Flails | 3 4 5 6 |  6.5
Armour         | 4 5 6 |  6.7
Fighting       | 4 5 |  5.3
Shields        | 4 5 |  5.4
Throwing       | |  0.2
Dodging        | |  0.5
Stealth        | |  0.1

Action                     |  1- 3 |  4- 6 |  7- 9 || total
---------------------------+-------+-------+-------++-------
  Melee: Flail             |   151 |   197 |   122 ||   470
  Throw: Dart              |       |     2 |       ||     2
    Use: Potion            |       |     1 |       ||     1
 Armour: Scale mail        |    33 |       |       ||    33
         Plate armour      |   138 |   182 |   136 ||   456
  Dodge: Dodged            |    56 |    56 |    37 ||   149
  Block: Buckler           |    39 |    42 |    85 ||   166
         Reflection        |       |       |     2 ||     2
